 Dungeon Crawl Stone Soup version 0.28-a0-1447-ga5a8893891 (webtiles) character file.

Game seed: 14972070950894845418

14 lonewolfV2 the Ducker (level 2, 0/22 HPs)
             Began as a Demonspawn Gladiator on Jan 10, 2022.
             Slain by a hobgoblin (2 damage)
             ... on level 1 of the Dungeon.
             The game lasted 00:00:06 (27 turns).

lonewolfV2 the Ducker (Demonspawn Gladiator)          Turns: 27, Time: 00:00:07

Health: 0/22       AC:  3    Str: 14    XL:     2   Next: 27%
Magic:  2/2        EV: 12    Int:  9    God:
Gold:   0          SH:  0    Dex: 14    Spells: 1/1 levels left

rFire   . . .      SeeInvis .   a - +0 war axe
rCold   . . .      Faith    .   (no shield)
rNeg    . . .      Spirit   .   b - +0 leather armour
rPois   .          Reflect  .   (helmet restricted)
rElec   .          Harm     .   (no cloak)
rCorr   .          Rampage  .   (no gloves)
Will    .....                   (no boots)
Stlth   +.........              (no amulet)
HPRegen 0.07/turn               (no ring)
MPRegen 0.08/turn               (no ring)

@: no status effects
A: antennae 1
a: no special abilities


You were on level 1 of the Dungeon.
You visited 1 branch of the dungeon, and saw 1 of its levels.

Inventory:

Hand Weapons
 a - a +0 war axe (weapon)
Missiles
 d - 3 throwing nets (quivered)
Armour
 b - a +0 leather armour (worn)
 c - a +0 helmet


   Skills:
 + Level 2.0 Fighting
 + Level 2.9 Axes
 + Level 1.8 Throwing
 + Level 3.1 Dodging


You had one spell level left.
You didn't know any spells.
Your spell library was empty.

Dungeon Overview and Level Annotations

Branches:
Dungeon (1/15)

Altars:


Innate Abilities, Weirdness & Mutations

You have a pair of small antennae on your head.


Message History

You barely miss the gnoll.
The gnoll is severely wounded.
You closely miss the hobgoblin. The hobgoblin hits you.
The gnoll hits you with a +0 flail!
Ouch! That really hurt!
You hit the gnoll.
You kill the gnoll!
You hit the hobgoblin. The hobgoblin barely misses you. The quokka misses you.
The hobgoblin misses you.
Your Dodging skill increases to level 3!
You have reached level 2!
Your demonic ancestry asserts itself...
A pair of antennae grows on your head!
Your +0 helmet falls away!
You barely miss the quokka. You barely miss the hobgoblin.
The quokka completely misses you. The hobgoblin closely misses you.
You slash the quokka!
You kill the quokka!
You hit the hobgoblin but do no damage. The hobgoblin hits you.
* * * LOW HITPOINT WARNING * * *
You slash the kobold!
You kill the kobold!
You hit the hobgoblin but do no damage.
The hobgoblin hits you but does no damage.
The hobgoblin hits you.
* * * LOW HITPOINT WARNING * * *
The hobgoblin misses you.
Items here: ( )) †.
You barely miss the hobgoblin.
The hobgoblin is severely wounded.
The hobgoblin barely misses you.
You closely miss the hobgoblin.
The hobgoblin is severely wounded.
The hobgoblin closely misses you.
You closely miss the hobgoblin.
The hobgoblin is severely wounded.
The hobgoblin hits you.
* * * LOW HITPOINT WARNING * * *
The hobgoblin hits you.
You die...

#..... ..... .)..
... ..# ..
#.###....
♣♣♣♣♣♣♣♣♣♣♣#.)..#
♣<.........g@#
♣...♣♣♣♣♣.♣#.#
♣....♣P♣♣.♣#.#
♣.♣....P♣.♣#..
♣.♣P.⌠....♣##.#
♣.♣♣....♣♣♣ ##
♣.♣P...♣♣
♣.♣♣♣.♣♣ ♣. ..P♣


You could see a hobgoblin.

Vanquished Creatures
  A gnoll (D:1)
  A goblin (D:1)
  A kobold (D:1)
  A quokka (D:1)
4 creatures vanquished.

Notes
Turn   | Place    | Note
-------+----------+-------------------------------------------
     0 | D:1      | lonewolfV2 the Demonspawn Gladiator began the quest for the
                  | Orb.
     0 | D:1      | Reached XP level 1. HP: 16/16 MP: 1/1
    21 | D:1      | Reached skill level 3 in Dodging
    21 | D:1      | Gained mutation: You have a pair of small antennae on your
                  | head. [demonic ancestry]
    21 | D:1      | Reached XP level 2. HP: 8/22 MP: 2/2
    27 | D:1      | Slain by a hobgoblin

Illustrated notes

Levels and vault maps discovered:
D:1:      psy_arrival_fountain, layout_basic, minmay_crystal_water,
          chequers_decorated_corner

Skill      XL: |  1 |
---------------+----+-----
Dodging        | 3 |  3.1
Fighting       | |  2.0
Axes           | |  2.9
Throwing       | |  1.8

Action                   || total
-------------------------++-------
Melee: War axe           ||    11
       Punch             ||     1
Armor: Leather armour    ||     1
Dodge: Dodged            ||    12

Table legend: (Time is in decaauts)
 A = Elapsed time spent in this place.
 B = Non-inter-level travel time spent in this place.
 C = Inter-level travel time spent in this place.
 D = Time resting spent in this place.
 E = Time spent auto-exploring this place.
 F = Levels seen in this place.
 G = Mean time per level.
                   A        B        C        D        E       F      G
               +--------+--------+--------+--------+--------+-----+--------+
         Total |     30 |     30 |      0 |      0 |     12 |   1 |   30.0 |
       Dungeon |     30 |     30 |      0 |      0 |     12 |   1 |   30.0 |
               +--------+--------+--------+--------+--------+-----+--------+

Top non-repeatable levels by time:
     D:1: 30 daAuts
